 Dungeon Crawl Stone Soup version 0.21.1-1-g345015f (webtiles) character file.

24334 Monsterracer the Geomancer (level 13, -1/84 HPs)
             Began as an Octopode Earth Elementalist on Mar 5, 2018.
             Was a High Priest of Cheibriados.
             Slain by an elephant (2 damage)
             ... on level 3 of the Lair of Beasts on Mar 6, 2018.
             The game lasted 00:39:15 (19267 turns).

Monsterracer the Geomancer (OpEE)                  Turns: 19267, Time: 00:39:16

Health: -1/84      AC:  3    Str: 22    XL:     13   Next: 12%
Magic:  2/25       EV: 26    Int: 36    God:    Cheibriados [*****.]
Gold:   810        SH:  7    Dex: 26    Spells: 8/28 levels left

rFire    + . .     SeeInvis +   a - staff of earth
rCold    + . .     Gourm    .   s - +0 buckler of the Journeyman {rPois rF+ Stlth+}
rNeg     . . .     Faith    .   B - +2 hat
rPois    +         Spirit   .   (no amulet)
rElec    .         Reflect  .   x - +5 ring of evasion
rCorr    .         Harm     .   y - ring of see invisible
MR       .....                  D - ring of protection from cold {!d}
Stlth    +++++++...             (no ring)
HPRegen  0.24/turn              (no ring)
MPRegen  0.19/turn              (no ring)
                                (no ring)
                                (no ring)

@: very slow
A: almost no armour, stealthy swim, amphibious, 8 rings, constrict 8, camouflage
1, gelatinous body 1
a: Bend Time, Temporal Distortion, Slouch, Step From Time, Renounce Religion


You were on level 3 of the Lair of Beasts.
You worshipped Cheibriados.
Cheibriados was extremely pleased with you.
You were not hungry.

You visited 4 branches of the dungeon, and saw 17 of its levels.

You collected 810 gold pieces.

Inventory:

Missiles
 n - 235 stones (quivered)
Armour
 s - the +0 buckler of the Journeyman (worn) {rPois rF+ Stlth+}
   (You acquired it on level 9 of the Dungeon)

   It protects you from fire.
   It protects you from poison.
   It makes you more stealthy.
 B - a +2 hat (worn)
Magical Staves
 a - an uncursed staff of earth (weapon)
 b - an uncursed staff of wizardry {!a}
Jewellery
 p - an uncursed ring of ice
 x - a +5 ring of evasion (left tentacle)
 y - a ring of see invisible (right tentacle)
 D - a ring of protection from cold (on tentacle) {!d}
Wands
 d - a wand of acid (19)
 h - a wand of polymorph (11)
 j - a wand of iceblast (9)
 v - a wand of clouds (4)
 G - a wand of flame (27)
Scrolls
 e - 4 scrolls of amnesia
 f - 2 scrolls of enchant armour
 o - 4 scrolls of remove curse
 r - 3 scrolls of magic mapping {!r}
 u - 11 scrolls of teleportation
 A - 4 scrolls of enchant weapon
 E - 2 scrolls of fear {!r}
 J - a scroll of fog
Potions
 g - 2 potions of resistance
 i - a potion of cancellation {unknown}
 k - 8 potions of curing
 l - 2 potions of lignification
 m - a potion of invisibility
 q - a potion of agility {unknown}
 t - 2 potions of might {unknown}
 w - 2 potions of flight
 z - 5 potions of heal wounds
 C - 3 potions of brilliance
 F - a potion of experience {unknown}
 I - 2 potions of mutation {unknown}
Comestibles
 c - 18 rations


   Skills:
 + Level 6.5 Fighting
 - Level 4.0 Staves
 + Level 8.0 Dodging
 + Level 9.4 Stealth
 - Level 5.1 Shields
 - Level 1.0 Unarmed Combat
 + Level 8.1 Spellcasting
 - Level 5.0 Conjurations
 + Level 0.9 Translocations
 - Level 5.0 Transmutations
 - Level 10.1 Earth Magic
 + Level 7.5 Invocations
 + Level 5.5 Evocations


You had 8 spell levels left.
You knew the following spells:

 Your Spells              Type           Power        Failure   Level  Hunger
a - Sandblast             Erth           ######       1%          1    None
b - Conjure Flame         Conj/Fire      ####....     3%          3    None
c - Stone Arrow           Conj/Erth      ######       1%          3    None
d - Lee's Rapid Deconstr  Erth           #######...   1%          5    ###....
e - Blink                 Tloc           N/A          3%          2    None
f - Petrify               Tmut/Erth      #######.     1%          4    None
x - Passwall              Tmut/Erth      #######...   1%          2    None


Dungeon Overview and Level Annotations

Branches:
Dungeon (11/15)            Temple (1/1) D:6            Lair (4/6) D:8
 Shoals (0/4) Lair:3       Spider (1/4) Lair:3          Orc (0/2) D:9

Altars:
Ashenzari
Cheibriados
Dithmenos
Elyvilon
Fedhas
Gozag
Hepliaklqana
Kikubaaqudgha
Makhleb
Nemelex Xobeh
Okawaru
Qazlal
Ru
Sif Muna
Trog
Uskayaw
Vehumet
Wu Jian
Xom
Yredelemnul
Zin
The Shining One

Shops:
D:4 [([(=   D:7 (

Annotations:
D:11 Harold


Innate Abilities, Weirdness & Mutations

You cannot wear most types of armour.
You are very stealthy in the water. (Stealth+)
You are amphibious.
You can wear up to eight rings at the same time.
You can use your tentacles to constrict eight enemies at once.
Your skin changes colour to match your surroundings (Stealth+).
Your rubbery body absorbs attacks. (AC +1, EV +1)


Message History

Casting: Sandblast
Confirm with . or Enter, or press ? or * to list all spells.
Aiming: Sandblast
Press: ? - help, Shift-Dir - straight line, f/p - elephant
Aim: an elephant (lightly wounded)
You feel a surge of power!
The blast of sand hits the elephant.
The elephant is heavily wounded.
n - 240 stones You block the elephant's attack.
The elephant trunk-slaps you.
You take 2 damage, and have 58/84 hp.
There are no items here.
The elephant misses you. The elephant completely misses you.
You block the elephant's attack. The elephant completely misses you.
You climb upwards.
There is a stone staircase leading down here.
Casting: Sandblast
Confirm with . or Enter, or press ? or * to list all spells.
Aiming: Stone Arrow
Press: ? - help, Shift-Dir - straight line, f - elephant
Aim: an elephant (heavily wounded)
You feel a surge of power!
The stone arrow hits the elephant.
The elephant is severely wounded.
The elephant tramples you!
You hold your ground!
The elephant trunk-slaps you. The elephant completely misses you.
You block the elephant's attack.
You take 15 damage, and have 43/84 hp.
You now have 11/25 mp.
Casting: Stone Arrow
Confirm with . or Enter, or press ? or * to list all spells.
Aiming: Stone Arrow
Press: ? - help, Shift-Dir - straight line, f/p - elephant
Aim: an elephant (severely wounded)
You feel a surge of power!
The stone arrow hits the elephant.
You kill the elephant!
Cheibriados thoroughly appreciates the change of pace.
The elephant tramples you!!
* * * LOW HITPOINT WARNING * * *
You stumble backwards!
You take 18 damage, and have 25/84 hp.
MASSIVE DAMAGE!!
You now have 9/25 mp.
Casting: Stone Arrow
Confirm with . or Enter, or press ? or * to list all spells.
Aiming: Sandblast
Press: ? - help, Shift-Dir - straight line, f - elephant
Aim: an elephant You feel a surge of power!
The blast of sand hits the elephant.
The elephant is lightly wounded.
n - 239 stones The elephant tramples you!
* * * LOW HITPOINT WARNING * * *
You hold your ground!
The elephant closely misses you.
You take 12 damage, and have 13/84 hp.
You now have 8/25 mp.
Casting: Sandblast
Confirm with . or Enter, or press ? or * to list all spells.
Aiming: Sandblast
Press: ? - help, Shift-Dir - straight line, f/p - elephant
Aim: an elephant (lightly wounded)
You feel a surge of power!
The blast of sand hits the elephant.
The elephant is moderately wounded.
n - 238 stones You block the elephant's attack.
The elephant completely misses you.
You now have 7/25 mp.
Casting: Sandblast
Confirm with . or Enter, or press ? or * to list all spells.
Aiming: Sandblast
Press: ? - help, Shift-Dir - straight line, f/p - elephant
Aim: an elephant (moderately wounded)
You feel a surge of power!
The blast of sand hits the elephant.
The elephant is moderately wounded.
n - 237 stones The elephant misses you.
The elephant barely misses you.
You now have 6/25 mp.
Casting: Sandblast
Confirm with . or Enter, or press ? or * to list all spells.
Aiming: Sandblast
Press: ? - help, Shift-Dir - straight line, f/p - elephant
Aim: an elephant (moderately wounded)
You feel a surge of power!
The blast of sand hits the elephant.
The elephant is heavily wounded.
n - 236 stones The elephant tramples you!
* * * LOW HITPOINT WARNING * * *
You hold your ground!
The elephant completely misses you.
You take 13 damage, and have 1/84 hp.
You now have 5/25 mp.
Casting: Sandblast
Confirm with . or Enter, or press ? or * to list all spells.
Aiming: Sandblast
Press: ? - help, Shift-Dir - straight line, f/p - elephant
Aim: an elephant (heavily wounded)
You feel a surge of power!
The blast of sand hits the elephant.
The elephant is heavily wounded.
n - 235 stones The elephant completely misses you.
You block the elephant's attack.
You now have 4/25 mp.
Casting: Sandblast
Confirm with . or Enter, or press ? or * to list all spells.
Aiming: Stone Arrow
Press: ? - help, Shift-Dir - straight line, f/p - elephant
Aim: an elephant (heavily wounded)
You feel a surge of power!
The stone arrow hits the elephant.
The elephant is severely wounded.
The elephant completely misses you. The elephant trunk-slaps you.
You die...

##.......## #...###
##..>...# ###..#P
##.....# ##.P. ###..##
##P.. #...## ##P..#
#.##.# ####...##
###### #......##
###.######P#.....#
#@#..##.####.....#
###.Y....#####....##
#.#........#.......#
####.........##..#..##
#..........=..P..###.#
##..............## ##.
#..............## ##
#...รท...........#
#...............#


You could see an elephant.

Vanquished Creatures
  2 hydras
  The ghost of Squonk the Martial Artist, a journeyman DsTm of Cheibriados (D:10)
  A catoblepas (Lair:3)
  3 two-headed ogres
  An unseen horror (D:10)
  Pikel (D:8)
  A cyclops (D:11)
  A manticore (D:9)
  4 elephants
  3 black mambas
  2 rime drakes
  4 spiny frogs
  3 komodo dragons
  A troll (D:10)
  A hornet (D:10)
  2 polar bears (D:8)
  4 blink frogs
  3 hippogriffs
  A wraith (D:9)
  5 wyverns
  21 yaks
  Eustachio (D:5)
  3 hungry ghosts
  A basilisk (Lair:2)
  Edmund (D:5)
  8 water moccasins
  A hell hound (D:8)
  2 ice beasts
  9 porcupines
  A black bear (D:7)
  3 ogres
  4 orc warriors
  3 slaves (D:8)
  A phantom (D:9)
  6 wolves (Lair:1)
  3 centaurs
  5 crocodiles
  A big kobold (D:8)
  10 bullfrogs
  2 scorpions
  2 water moccasin skeletons
  5 wights
  2 electric eels (D:8)
  3 crimson imps
  2 bullfrog zombies (D:5)
  A quasit (D:10)
  A hound (D:8)
  2 jellies
  2 bullfrog skeletons
  2 centaur skeletons
  4 orc priests
  9 orc wizards
  An iguana (D:7)
  Terence (D:3)
  9 worker ants
  A killer bee zombie (D:6)
  6 ogre zombies (D:9)
  A hound zombie (D:6)
  A hound skeleton (D:6)
  A killer bee simulacrum (D:8)
  4 gnolls (D:4)
  7 adders
  2 shadow imps
  An ufetubus (D:8)
  2 oozes
  2 worms (D:4)
  A dart slug (D:1)
  5 leopard geckos
  57 orcs
  2 ball pythons (D:2)
  3 bats
  4 giant cockroaches
  9 goblins
  8 hobgoblins
  13 jackals
  11 kobolds
  4 quokkas
  5 frilled lizards
  2 goblin skeletons (D:9)
  2 goblin zombies (D:9)
  An orc skeleton (D:9)
  14 orc zombies (D:9)
  6 rats
351 creatures vanquished.

Vanquished Creatures (others)
  A slave (D:8)
  A centaur zombie (D:8)
  8 fungi (Lair:2)
  4 plants
14 creatures vanquished.

Grand Total: 365 creatures vanquished

Notes
Turn   | Place    | Note
-------+----------+-------------------------------------------
     0 | D:1      | Monsterracer the Octopode Earth Elementalist began the quest for the Orb.
     0 | D:1      | Reached XP level 1. HP: 11/11 MP: 3/3
   175 | D:1      | Reached XP level 2. HP: 17/17 MP: 5/5
   209 | D:1      | Learned a level 2 spell: Passwall
   603 | D:1      | Reached XP level 3. HP: 15/21 MP: 2/6
   794 | D:1      | Learned a level 3 spell: Stone Arrow
  1177 | D:2      | Reached skill level 1 in Unarmed Combat
  1946 | D:2      | Found a glowing golden altar of the Shining One.
  2072 | D:2      | HP: 9/21 [something (10)]
  2377 | D:2      | Reached XP level 4. HP: 27/27 MP: 7/7
  2643 | D:3      | Reached skill level 4 in Earth Magic
  3081 | D:3      | Noticed Terence
  3090 | D:3      | Killed Terence
  3297 | D:3      | Found a blossoming altar of Fedhas.
  3652 | D:3      | Found a burning altar of Makhleb.
  3942 | D:4      | Reached XP level 5. HP: 31/31 MP: 9/9
  3965 | D:4      | Found Plog's Armour Boutique.
  4024 | D:4      | Found Ypsuli's Antique Armour Emporium.
  4329 | D:4      | Found Laupp's Weapon Shop.
  4607 | D:4      | Found Meungue's Jewellery Emporium.
  4729 | D:4      | Found Fuozoufu's Weapon Boutique.
  4910 | D:4      | Reached skill level 1 in Conjurations
  5158 | D:5      | Entered Level 5 of the Dungeon
  5162 | D:5      | Reached skill level 5 in Earth Magic
  5162 | D:5      | Reached XP level 6. HP: 36/36 MP: 3/10
  5178 | D:4      | Learned a level 5 spell: Lee's Rapid Deconstruction
  5280 | D:5      | Noticed Edmund
  5282 | D:5      | Noticed a water moccasin
  5294 | D:5      | HP: 15/36 [Edmund/flail of draining (9)]
  5295 | D:5      | HP: 4/36 [Edmund/flail of draining (7)]
  5295 | D:5      | HP: 1/36 [Edmund/flail of draining (3)]
  5297 | D:5      | Killed Edmund
  5581 | D:5      | Found a deep blue altar of Sif Muna.
  5588 | D:5      | Found an iron altar of Okawaru.
  5649 | D:5      | HP: 14/36 [water moccasin (7)]
  5650 | D:5      | Killed a water moccasin
  5650 | D:5      | Reached XP level 7. HP: 16/41 MP: 3/12
  5654 | D:5      | HP: 13/41 [poisoned by a water moccasin]
  5659 | D:5      | HP: 10/41 [poisoned by a water moccasin]
  5664 | D:5      | HP: 9/41 [poisoned by a water moccasin]
  5671 | D:5      | HP: 8/41 [poisoned by a water moccasin]
  5679 | D:5      | HP: 7/41 [poisoned by a water moccasin]
  5959 | D:5      | Reached skill level 6 in Earth Magic
  6040 | D:5      | HP: 19/41 [orc wizard/dagger (4)]
  6045 | D:5      | HP: 10/41 [bullfrog zombie (4)]
  6378 | D:5      | Noticed Eustachio
  6384 | D:5      | Killed Eustachio
  6906 | D:6      | Reached XP level 8. HP: 46/46 MP: 11/14
  6961 | D:6      | Noticed a wyvern
  6964 | D:6      | Killed a wyvern
  6964 | D:6      | Reached skill level 7 in Earth Magic
  7043 | D:6      | HP: 23/46 [orc warrior/trident (21)]
  7044 | D:6      | HP: 7/46 [orc warrior/trident (16)]
  7078 | D:6      | HP: 7/69 [orc/trident (11)]
  7385 | D:6      | Found a shadowy altar of Dithmenos.
  7739 | D:6      | Found a sacrificial altar of Ru.
  7745 | D:6      | Found a bloodstained altar of Trog.
  7750 | D:6      | Became a worshipper of Ru the Awakened
  7756 | D:6      | Found a shimmering altar of Xom.
  7821 | D:6      | Found a staircase to the Ecumenical Temple.
  7856 | Temple   | Entered the Ecumenical Temple
  7863 | Temple   | Fell from the grace of Ru
  7863 | Temple   | Became a worshipper of Cheibriados the Contemplative
  8022 | D:6      | HP: 21/46 [something (11)]
  8263 | D:7      | Reached skill level 5 in Spellcasting
  8263 | D:7      | Reached skill level 1 in Invocations
  8270 | D:7      | Reached XP level 9. HP: 50/51 MP: 2/16
  8358 | D:7      | Reached skill level 8 in Earth Magic
  8522 | D:7      | Reached * piety under Cheibriados
  8624 | D:7      | Found Jios's Weapon Shoppe.
  8873 | D:7      | Reached skill level 1 in Fighting
  9110 | D:8      | Noticed Pikel
  9119 | D:8      | Killed Pikel
  9119 | D:8      | Reached skill level 5 in Conjurations
  9426 | D:8      | Reached skill level 5 in Dodging
  9435 | D:8      | Reached skill level 9 in Earth Magic
  9585 | D:8      | Found a staircase to the Lair.
  9621 | D:8      | Reached XP level 10. HP: 60/61 MP: 18/18
  9629 | D:8      | Reached ** piety under Cheibriados
  9751 | D:8      | Noticed a two-headed ogre
  9777 | D:8      | Killed a two-headed ogre
  9777 | D:8      | Reached skill level 1 in Staves
 10700 | D:4      | Learned a level 4 spell: Petrify
 10826 | D:9      | Reached skill level 5 in Stealth
 10966 | D:9      | Reached *** piety under Cheibriados
 10990 | D:9      | Noticed a manticore
 10999 | D:9      | HP: 30/63 [ogre zombie (8)]
 11000 | D:9      | Killed a manticore
 11004 | D:9      | HP: 19/63 [kobold (3)]
 11233 | D:8      | HP: 28/63 [leopard gecko (5)]
 11413 | D:9      | HP: 27/63 [ogre zombie (6)]
 11629 | D:9      | Found a staircase to the Orcish Mines.
 11633 | D:9      | Reached skill level 10 in Earth Magic
 11796 | D:9      | Identified a scroll of acquirement
 11799 | D:9      | Got a distressingly furry buckler
 11805 | D:9      | Identified the +0 buckler of the Journeyman {rPois rF+ Stlth+} (You acquired it on level 9 of the Dungeon)
 11868 | D:9      | Reached **** piety under Cheibriados
 11874 | D:9      | HP: 29/63 [orc warrior/halberd (18)]
 11881 | D:9      | Reached skill level 1 in Shields
 12227 | D:9      | Reached XP level 11. HP: 66/68 MP: 2/20
 12498 | D:10     | Entered Level 10 of the Dungeon
 12613 | D:10     | Noticed Squonk's ghost (journeyman DsTm)
 12624 | D:10     | Killed Squonk's ghost
 12624 | D:10     | Reached skill level 5 in Shields
 12864 | D:10     | Noticed a two-headed ogre
 12873 | D:10     | Killed a two-headed ogre
 12873 | D:10     | Reached skill level 1 in Evocations
 13052 | D:10     | Reached skill level 5 in Invocations
 13243 | D:10     | Reached ***** piety under Cheibriados
 13276 | D:10     | Noticed an unseen horror
 13283 | D:10     | Killed an unseen horror
 13458 | D:10     | Noticed a two-headed ogre
 13464 | D:10     | HP: 32/69 [two-headed ogre/giant spiked club (37)]
 13465 | D:10     | Killed a two-headed ogre
 13750 | D:11     | Noticed a cyclops
 13753 | D:11     | HP: 34/70 [cyclops/large rock (17)]
 13755 | D:11     | Killed a cyclops
 13963 | D:11     | Noticed Harold
 14179 | Lair:1   | Entered Level 1 of the Lair of Beasts
 14242 | Lair:1   | Learned a level 2 spell: Blink
 14246 | Lair:1   | Learned a level 3 spell: Conjure Flame
 15054 | Lair:2   | Reached skill level 5 in Fighting
 15054 | Lair:2   | Reached XP level 12. HP: 77/77 MP: 14/22
 15343 | Lair:2   | Noticed a six-headed hydra
 15349 | Lair:2   | Killed a six-headed hydra
 16245 | Lair:3   | Found a staircase to the Shoals.
 16438 | Lair:3   | Found a hole to the Spider Nest.
 17065 | Lair:3   | Noticed a four-headed hydra
 17898 | Lair:3   | Killed a four-headed hydra
 18072 | Spider:1 | Entered Level 1 of the Spider Nest
 18106 | Lair:4   | HP: 24/78 [wyvern (18)]
 18452 | Lair:4   | Reached skill level 5 in Transmutations
 18463 | Lair:4   | Noticed a catoblepas
 18575 | Lair:4   | Reached skill level 5 in Evocations
 18680 | Lair:3   | Reached XP level 13. HP: 53/84 MP: 6/24
 18991 | Lair:3   | HP: 26/84 [catoblepas (23)]
 19261 | Lair:3   | HP: 25/84 [elephant (18)]
 19265 | Lair:3   | HP: 1/84 [elephant (13)]
 19267 | Lair:3   | Slain by an elephant

Skill      XL: |  1  2  3  4  5  6  7  8  9 10 11 12 13 |
---------------+----------------------------------------+-----
Stealth        | 3 4 5 6 9 |  9.4
Unarmed Combat | 1 |  1.0
Earth Magic    | 4 5 6 7 9 10 | 10.1
Conjurations   | 1 2 3 4 5 |  5.0
Spellcasting   | 3 4 5 6 7 8 |  8.1
Dodging        | 4 5 6 7 8 |  8.0
Invocations    | 1 3 4 5 7 |  7.5
Fighting       | 2 3 5 6 |  6.5
Staves         | 2 3 4 |  4.0
Shields        | 3 5 |  5.1
Transmutations | 3 5 |  5.0
Evocations     | 3 5 |  5.5
Translocations | |  0.9

Action                   |  1- 3 |  4- 6 |  7- 9 | 10-12 | 13-15 || total
-------------------------+-------+-------+-------+-------+-------++-------
Melee: Unarmed           |    60 |    22 |       |       |       ||    82
       Constrict         |    21 |    13 |    17 |    27 |       ||    78
       Tentacles         |    11 |     4 |    13 |    53 |     3 ||    84
       Trident           |       |    33 |    57 |       |       ||    90
       Staff             |       |       |    21 |   147 |     5 ||   173
       Punch             |       |       |       |     2 |       ||     2
 Cast: Sandblast         |    22 |    34 |    72 |    86 |    13 ||   227
       Stone Arrow       |     8 |    15 |    18 |   166 |    15 ||   222
       Lee's Rapid Decon |       |       |     9 |    15 |       ||    24
       Petrify           |       |       |       |     4 |     2 ||     6
       Conjure Flame     |       |       |       |     3 |       ||     3
       Blink             |       |       |       |     2 |     4 ||     6
Invok: Slouch            |       |       |       |     2 |       ||     2
Evoke: Wand              |       |       |       |     1 |     2 ||     3
       Sack of spiders   |       |       |       |       |     1 ||     1
  Use: Scroll            |       |    11 |     5 |     7 |     1 ||    24
       Potion            |       |       |     1 |       |       ||     1
 Stab: Sleeping          |    12 |     4 |     7 |     1 |       ||    24
       Petrified         |       |       |       |     3 |       ||     3
       Distracted        |       |       |       |     1 |       ||     1
       Confused          |       |       |       |       |     1 ||     1
  Eat: Chunk             |     4 |    10 |    12 |    17 |     1 ||    44
       Ration            |       |     1 |     1 |       |       ||     2
Armor: Skin              |     5 |       |     2 |    11 |     1 ||    19
Dodge: Dodged            |    45 |    43 |   110 |   258 |    43 ||   499
Block: Buckler           |       |       |       |    64 |    13 ||    77

Vault maps used:
D:1:      eino_arrival_tree_alley, minmay_cut_off
D:2:      overflow_temple_1_default
D:3:      lightli_temple_of_fire, lemuel_crystal_altar, uniq_terence
D:4:      first_ration, serial_shops, nicolae_shop_behind_doors,
          nicolae_shop_trees, kennysheep_mini_moat, shop,
          nicolae_shop_behind_doors
D:5:      amethyst_overflow_temple_binary, uniq_edmund, uniq_eustachio
D:6:      kennysheep_little_box, grunt_temple_overflow_diamond, temple_doors_e,
          lemuel_another_geyser
D:7:      serial_shops, shop
D:8:      minmay_lair_entry_lava, serial_ice, serial_ice_f, serial_ice_m,
          serial_ice_e, serial_ice_g, uniq_pikel
D:9:      zombieorc1_lemuel
D:11:     uniq_grum, uniq_harold, uniq_erolcha
Temple:   dshaligram_water_room_temple
Lair:2:   grunt_megastairs_4
Lair:3:   shoals_dummy_entry, dummy_spider_entry, minivault_26,
          grunt_forest_small_clearings
